Map: Gresvan LE

Players

A.I. 1 (Very Easy)

  • Race: Terran Terran
  • Spawn Location: 5:00

Zerus

  • Race: Zerg Zerg
  • League: Master
  • Spawn Location: 11:00

VOD

Have the link to the VOD?

Description

Time

  • Played on: July 25, 2023, 10:47 p.m.
  • Length: 22:53
Show
View Real Time Build Order
Export as new Build Order

A.I. 1 (Very Easy) Terran 

Build Orders: Banshee Rush 

Get SALT Encoding   

  12  0:00  Zerg Missile Weapons Level 3 x5, Terran Vehicle Weapons Level 1 x4, Protoss Air Weapons Level 2 x5, Zerg Missile Weapons Level 1 x4, Terran Infantry Weapons Level 1 x4, Protoss Shields Level 3 x6, Terran Vehicle Armor Level 1 x4, Terran Ship Weapons Level 2 x5, Terran Vehicle Armor Level 3 x5, Protoss Air Weapons Level 1 x4, Terran Ship Weapons Level 3 x5, Extended Thermal Lance x2, Terran Ship Armor Level 2 x5, Warp Gate x2, Terran Vehicle And Ship Armor Level 1 x4, Zerg Melee Weapons Level 1 x4, Terran Vehicle And Ship Armor Level 2 x5, Protoss Air Weapons Level 3 x5, Protoss Air Armor Level 1 x4, Protoss Ground Armor Level 2 x5, Hyperflight Rotors x4, Zerg Melee Weapons Level 3 x5, Zerg Flyer Armor Level 1 x4, Stimpack x2, Terran Vehicle and Ship Weapons Level 3 x5, Terran Vehicle and Ship Weapons Level 1 x4, Zerg Ground Armor Level 1 x4, Zerg Melee Weapons Level 2 x5, Ventral Sacs x2, Zerg Flyer Weapons Level 1 x4, Terran Infantry Armor Level 3 x5, Protoss Ground Armor Level 3 x6, Terran Infantry Armor Level 1 x4, Zerg Missile Weapons Level 2 x5, Zerg Flyer Armor Level 2 x5, Protoss Air Armor Level 2 x5, Protoss Ground Armor Level 1 x4, Blink x4, Mag-Field Accelerator x2, Terran Vehicle and Ship Weapons Level 2 x5, Adrenal Glands x2, Resonating Glaives x2, Terran Vehicle Armor Level 2 x5, Terran Ship Armor Level 1 x4, Protoss Ground Weapons Level 2 x5, Terran Vehicle Weapons Level 3 x5, Personal Cloaking, Zerg Flyer Weapons Level 2 x5, Zerg Ground Armor Level 3 x5, Protoss Shields Level 1 x4, Protoss Air Armor Level 3 x5, Weapon Refit x2, Zerg Flyer Weapons Level 3 x5, SCV, Terran Infantry Weapons Level 2 x5, Terran Infantry Weapons Level 3 x5, Charge x2, Terran Infantry Armor Level 2 x5, Terran Ship Weapons Level 1 x4, Neosteel Armor x2, Enduring Locusts, Protoss Ground Weapons Level 3 x6, Zerg Ground Armor Level 2 x5, Terran Vehicle Weapons Level 2 x5, Protoss Shields Level 2 x5, Terran Ship Armor Level 3 x5, Flying Locusts, Protoss Ground Weapons Level 1 x4, Zerg Flyer Armor Level 3 x5, Terran Vehicle And Ship Armor Level 3 x5, Shadow Stride x2  
  12  0:02  Zerg Missile Weapons Level 3, Mag-Field Accelerator, Terran Infantry Armor Level 3, Resonating Glaives, Terran Vehicle Armor Level 3, Terran Ship Weapons Level 3, Zerg Flyer Weapons Level 3, Terran Vehicle Weapons Level 3, Warp Gate, Zerg Ground Armor Level 3, Shadow Stride, Protoss Air Weapons Level 3, Extended Thermal Lance, Terran Infantry Weapons Level 3, Charge, Zerg Melee Weapons Level 3, Terran Vehicle and Ship Weapons Level 3, Stimpack, Protoss Air Armor Level 3, Weapon Refit, Neosteel Armor, Zerg Flyer Armor Level 3, Terran Vehicle And Ship Armor Level 3, Terran Ship Armor Level 3  
  12  0:03  Metabolic Boost, Transformation Servos, Cloaking Field, Infernal Pre-Igniter, Tunneling Claws, Mag-Field Launchers, Drilling Claws, Durable Materials, Neural Parasite, Combat Shield, Enhanced Munitions, Smart Servos, Recalibrated Explosives, Psionic Storm, Chitinous Plating, Explosive Shrapnel Shells, Neosteel Frame, Rapid Fire Launchers, Microbial Shroud, Enhanced Shockwaves, Glial Reconstitution, Centrifugal Hooks, Corvid Reactor, 250mm Strike Cannons, Advanced Ballistics, Unknown x2  
  12  0:05  Enduring Locusts, Flying Locusts  
  12  0:06  Protoss Ground Weapons Level 1, Protoss Shields Level 1, Personal Cloaking, Protoss Ground Armor Level 1  
  12  0:07  Blink, Hyperflight Rotors  
  13  0:09  Extended Thermal Lance, Mag-Field Accelerator, Weapon Refit, Ventral Sacs, Warp Gate, Neosteel Armor, Adrenal Glands, Resonating Glaives, Shadow Stride, Stimpack, Charge  
  13  0:11  Grooved Spines, Burrow, Muscular Augments x3  
  13  0:13  Metabolic Boost, Microbial Shroud, Cloaking Field, Infernal Pre-Igniter, Tunneling Claws, Mag-Field Launchers, Drilling Claws, Durable Materials, Neural Parasite, Combat Shield, Enhanced Munitions, Smart Servos, Recalibrated Explosives, SCV, Psionic Storm, Chitinous Plating, Explosive Shrapnel Shells, Neosteel Frame, Rapid Fire Launchers, Transformation Servos, Enhanced Shockwaves, Glial Reconstitution, Centrifugal Hooks, Corvid Reactor, 250mm Strike Cannons, Advanced Ballistics, Unknown x2  
  13  0:14  Protoss Air Armor Level 1, Terran Vehicle Weapons Level 1, Protoss Ground Weapons Level 2, Zerg Missile Weapons Level 1, Zerg Flyer Armor Level 1, Terran Infantry Weapons Level 1, Terran Ship Weapons Level 1, Terran Vehicle Armor Level 1, Zerg Melee Weapons Level 1, Terran Ship Armor Level 1, Zerg Ground Armor Level 1, Protoss Shields Level 2, Zerg Flyer Weapons Level 1, Terran Vehicle And Ship Armor Level 1, Protoss Ground Armor Level 2, Terran Vehicle and Ship Weapons Level 1, Terran Infantry Armor Level 1, Protoss Air Weapons Level 1  
  14  0:15  Enduring Locusts, Flying Locusts  
  14  0:16  Adrenal Glands, Personal Cloaking, Ventral Sacs  
  14  0:18  Anion Pulse-Crystals, Supply Depot  
  14  0:21  Grooved Spines, Burrow, Muscular Augments x3  
  14  0:22  Enduring Locusts, Flying Locusts  
  14  0:23  Protoss Air Weapons Level 2, Protoss Air Armor Level 2, Metabolic Boost, Microbial Shroud, Cloaking Field, Infernal Pre-Igniter, Terran Vehicle And Ship Armor Level 2, Tunneling Claws, Zerg Flyer Weapons Level 2, Terran Infantry Armor Level 2, Mag-Field Launchers, Drilling Claws, Durable Materials, Terran Vehicle Armor Level 2, Neural Parasite, Combat Shield, Personal Cloaking, Terran Ship Armor Level 2, Terran Infantry Weapons Level 2, Enhanced Munitions, Smart Servos, Recalibrated Explosives, Zerg Ground Armor Level 2, Terran Vehicle and Ship Weapons Level 2, Psionic Storm, Chitinous Plating, Explosive Shrapnel Shells, Neosteel Frame, Zerg Flyer Armor Level 2, Rapid Fire Launchers, Transformation Servos, Enhanced Shockwaves, Terran Vehicle Weapons Level 2, Zerg Melee Weapons Level 2, Glial Reconstitution, Centrifugal Hooks, Terran Ship Weapons Level 2, Corvid Reactor, 250mm Strike Cannons, Advanced Ballistics, Zerg Missile Weapons Level 2, Unknown x2  
  14  0:25  Seismic Spines, Adaptive Talons, Hi-Sec Auto Tracking, Caduceus Reactor, Rapid Reignition System, Gravitic Boosters, Graviton Catapult, Moebius Reactor, Shield Upgrade, Pathogen Glands, Behemoth Reactor, Gravitic Drive, Flux Vanes  
  14  0:28  Extended Thermal Lance, Mag-Field Accelerator, Anion Pulse-Crystals, Weapon Refit, Warp Gate, Neosteel Armor, Resonating Glaives, Shadow Stride, Stimpack, Charge  
  14  0:30  Metabolic Boost, Transformation Servos, Cloaking Field, Infernal Pre-Igniter, Tunneling Claws, Mag-Field Launchers, Drilling Claws, Durable Materials, Neural Parasite, Combat Shield, Enhanced Munitions, Smart Servos, Recalibrated Explosives, Psionic Storm, Chitinous Plating, Explosive Shrapnel Shells, Neosteel Frame, Rapid Fire Launchers, Microbial Shroud, Enhanced Shockwaves, Glial Reconstitution, Centrifugal Hooks, Corvid Reactor, 250mm Strike Cannons, Advanced Ballistics, Unknown x2  
  14  0:31  Grooved Spines, Burrow, Muscular Augments x3  
  14  0:35  Seismic Spines, Adaptive Talons, Hi-Sec Auto Tracking, Caduceus Reactor, Rapid Reignition System, Adrenal Glands, Gravitic Boosters, Graviton Catapult, Moebius Reactor, Shield Upgrade, Pathogen Glands, Behemoth Reactor, Gravitic Drive, Flux Vanes, Ventral Sacs  
  14  0:37  Protoss Ground Weapons Level 1, Protoss Shields Level 1, Protoss Ground Armor Level 1  
  14  0:38  Anion Pulse-Crystals, Blink, Hyperflight Rotors, Muscular Augments x3, Grooved Spines, Burrow  
  14  0:39  Pneumatized Carapace, Anabolic Synthesis, Concussive Shells  
  14  0:41  Enduring Locusts, Flying Locusts  
  14  0:42  Barracks, Personal Cloaking  
  14  0:45  Seismic Spines, Adaptive Talons, Hi-Sec Auto Tracking, Caduceus Reactor, Terran Infantry Weapons Level 1, Terran Vehicle Weapons Level 1, Terran Vehicle Armor Level 1, Pathogen Glands, Terran Ship Armor Level 1, Zerg Ground Armor Level 1, Anion Pulse-Crystals, Gravitic Boosters, Zerg Flyer Armor Level 1, Terran Vehicle And Ship Armor Level 1, Gravitic Drive, Graviton Catapult, Protoss Air Weapons Level 1, Protoss Air Armor Level 1, Zerg Missile Weapons Level 1, Terran Ship Weapons Level 1, Rapid Reignition System, Zerg Melee Weapons Level 1, Terran Vehicle and Ship Weapons Level 1, Moebius Reactor, Zerg Flyer Weapons Level 1, Behemoth Reactor, Terran Infantry Armor Level 1, Flux Vanes, Shield Upgrade  
  14  0:49  Metabolic Boost, Microbial Shroud, Cloaking Field, Infernal Pre-Igniter, Tunneling Claws, Mag-Field Launchers, Drilling Claws, Durable Materials, Neural Parasite, Combat Shield, Pneumatized Carapace, Enhanced Munitions, Smart Servos, Recalibrated Explosives, Enhanced Shockwaves, Psionic Storm, Chitinous Plating, Explosive Shrapnel Shells, Neosteel Frame, Rapid Fire Launchers, Transformation Servos, Corvid Reactor, Concussive Shells, Glial Reconstitution, Centrifugal Hooks, Anabolic Synthesis, 250mm Strike Cannons, Advanced Ballistics, Unknown x2  
  14  0:52  Seismic Spines, Adaptive Talons, Hi-Sec Auto Tracking, Caduceus Reactor, Rapid Reignition System, Gravitic Boosters, Graviton Catapult, Moebius Reactor, Shield Upgrade, Pathogen Glands, Behemoth Reactor, Gravitic Drive, Flux Vanes  
  14  0:57  Grooved Spines, Burrow, Muscular Augments x3  
  14  0:59  Charge, Resonating Glaives, Neosteel Armor, Warp Gate, Stimpack, Concussive Shells, Extended Thermal Lance, Weapon Refit, Mag-Field Accelerator, Pneumatized Carapace, Anabolic Synthesis, Shadow Stride  
  14  1:02  Command Center  
  14  1:04  Anion Pulse-Crystals  
  14  1:06  Pneumatized Carapace, Adrenal Glands, Anabolic Synthesis, Ventral Sacs, Concussive Shells  
  14  1:10  SCV x12  
  14  1:11  Seismic Spines, Adaptive Talons, Hi-Sec Auto Tracking, Caduceus Reactor, Rapid Reignition System, Gravitic Boosters, Graviton Catapult, Moebius Reactor, Shield Upgrade, Pathogen Glands, Behemoth Reactor, Gravitic Drive, Flux Vanes  
  14  1:12  Enduring Locusts, Flying Locusts  
  14  1:13  Personal Cloaking  
  14  1:20  Metabolic Boost, Microbial Shroud, Cloaking Field, Infernal Pre-Igniter, Tunneling Claws, Mag-Field Launchers, Drilling Claws, Durable Materials, Neural Parasite, Combat Shield, Enhanced Munitions, Smart Servos, Recalibrated Explosives, SCV x12, Psionic Storm, Chitinous Plating, Explosive Shrapnel Shells, Neosteel Frame, Rapid Fire Launchers, Transformation Servos, Enhanced Shockwaves, Glial Reconstitution, Centrifugal Hooks, Corvid Reactor, 250mm Strike Cannons, Advanced Ballistics, Unknown x2  
  14  1:22  Unknown x64  
  14  1:25  Pneumatized Carapace, Anabolic Synthesis, Concussive Shells  
  12  1:28  Grooved Spines, Burrow, Muscular Augments x3  
  12  1:30  SCV x12  
  12  1:32  Unknown x64  
  12  1:35  Anion Pulse-Crystals  
  12  1:37  SCV x12  
  12  1:42  Pathogen Glands, Seismic Spines, Hi-Sec Auto Tracking, Caduceus Reactor, Flux Vanes, Gravitic Boosters, Graviton Catapult, Adaptive Talons, Rapid Reignition System, Shield Upgrade, Behemoth Reactor, Gravitic Drive, Moebius Reactor, Unknown x64  
  12  1:49  Unknown x64  
  12  1:56  Pneumatized Carapace, SCV x12, Anabolic Synthesis, Concussive Shells  
  12  2:01  Supply Depot  
  12  2:08  Unknown x64  
  12  2:14  Orbital Command  
  12  2:20  Supply Depot  
  12  2:27  SCV x12  
  12  2:39  Unknown x63  
  12  2:53  Supply Depot  
  12  3:17  Barracks  
  12  3:28  SCV  
  12  3:30  Refinery  
  13  3:37  Refinery  
  13  3:42  SCV  
  14  3:54  SCV  
  15  4:01  Supply Depot  
  15  4:04  Marine  
  15  4:07  SCV  
  17  4:19  SCV  
  18  4:31  SCV  
  19  4:43  SCV  
  20  4:54  Marine  
  20  4:55  SCV  
  22  5:04  Supply Depot  
  22  5:08  SCV  
  22  5:13  Barracks Tech Lab  
  23  5:20  SCV  
  24  5:32  SCV  
  25  5:44  Marine, SCV  
  25  5:47  Supply Depot  
  27  5:56  SCV, Factory  
  28  6:16  SCV  
  29  6:28  SCV  
  30  6:34  Marine  
  31  6:41  Orbital Command  
  31  6:44  Starport  
  31  7:20  Starport Tech Lab  
  31  7:24  Marauder  
  33  7:38  Raven  
  35  8:13  Raven  
  35  8:14  Marine  
  38  9:04  Marauder  
  38  11:13  Medivac, Factory Tech Lab  
  38  11:15  Supply Depot  
  39  11:34  Siege Tank  
  32  11:43  Medivac  
  34  11:51  Marine  
  35  12:09  Marine  
  35  12:13  Raven  
  38  12:27  Marine  
  38  12:45  Marine  
  38  13:03  Marauder  
  39  13:18  SCV  
Show
View Real Time Build Order
Export as new Build Order

Zerus Zerg 

Build Orders: Hatch First 

Get SALT Encoding   

  12  0:00  Zerg Missile Weapons Level 3 x5, Terran Vehicle Weapons Level 1 x4, Protoss Air Weapons Level 2 x5, Zerg Missile Weapons Level 1 x4, Terran Infantry Weapons Level 1 x4, Protoss Shields Level 3 x6, Terran Vehicle Armor Level 1 x4, Terran Ship Weapons Level 2 x5, Terran Vehicle Armor Level 3 x5, Protoss Air Weapons Level 1 x4, Terran Ship Weapons Level 3 x5, Extended Thermal Lance x2, Terran Ship Armor Level 2 x5, Warp Gate x2, Terran Vehicle And Ship Armor Level 1 x4, Zerg Melee Weapons Level 1 x4, Terran Vehicle And Ship Armor Level 2 x5, Protoss Air Weapons Level 3 x5, Protoss Air Armor Level 1 x4, Protoss Ground Armor Level 2 x5, Hyperflight Rotors x4, Zerg Melee Weapons Level 3 x5, Zerg Flyer Armor Level 1 x4, Stimpack x2, Terran Vehicle and Ship Weapons Level 3 x5, Terran Vehicle and Ship Weapons Level 1 x4, Zerg Ground Armor Level 1 x4, Zerg Melee Weapons Level 2 x5, Ventral Sacs x2, Zerg Flyer Weapons Level 1 x4, Terran Infantry Armor Level 3 x5, Protoss Ground Armor Level 3 x6, Terran Infantry Armor Level 1 x4, Zerg Missile Weapons Level 2 x5, Zerg Flyer Armor Level 2 x5, Protoss Air Armor Level 2 x5, Protoss Ground Armor Level 1 x4, Blink x4, Mag-Field Accelerator x2, Terran Vehicle and Ship Weapons Level 2 x5, Adrenal Glands x2, Resonating Glaives x2, Terran Vehicle Armor Level 2 x5, Terran Ship Armor Level 1 x4, Protoss Ground Weapons Level 2 x5, Terran Vehicle Weapons Level 3 x5, Personal Cloaking, Zerg Flyer Weapons Level 2 x5, Zerg Ground Armor Level 3 x5, Protoss Shields Level 1 x4, Protoss Air Armor Level 3 x5, Weapon Refit x2, Zerg Flyer Weapons Level 3 x5, Terran Infantry Weapons Level 2 x5, Terran Infantry Weapons Level 3 x5, Charge x2, Terran Infantry Armor Level 2 x5, Terran Ship Weapons Level 1 x4, Neosteel Armor x2, Enduring Locusts, Protoss Ground Weapons Level 3 x6, Zerg Ground Armor Level 2 x5, Terran Vehicle Weapons Level 2 x5, Protoss Shields Level 2 x5, Terran Ship Armor Level 3 x5, Flying Locusts, Protoss Ground Weapons Level 1 x4, Zerg Flyer Armor Level 3 x5, Terran Vehicle And Ship Armor Level 3 x5, Shadow Stride x2  
  12  0:01  Drone  
  12  0:02  Zerg Missile Weapons Level 3, Mag-Field Accelerator, Terran Infantry Armor Level 3, Resonating Glaives, Terran Vehicle Armor Level 3, Terran Ship Weapons Level 3, Zerg Flyer Weapons Level 3, Terran Vehicle Weapons Level 3, Warp Gate, Zerg Ground Armor Level 3, Shadow Stride, Protoss Air Weapons Level 3, Extended Thermal Lance, Terran Infantry Weapons Level 3, Charge, Zerg Melee Weapons Level 3, Terran Vehicle and Ship Weapons Level 3, Stimpack, Protoss Air Armor Level 3, Weapon Refit, Neosteel Armor, Zerg Flyer Armor Level 3, Terran Vehicle And Ship Armor Level 3, Terran Ship Armor Level 3  
  12  0:03  Metabolic Boost, Transformation Servos, Cloaking Field, Infernal Pre-Igniter, Tunneling Claws, Mag-Field Launchers, Drilling Claws, Durable Materials, Neural Parasite, Combat Shield, Enhanced Munitions, Smart Servos, Recalibrated Explosives, Psionic Storm, Chitinous Plating, Explosive Shrapnel Shells, Neosteel Frame, Rapid Fire Launchers, Microbial Shroud, Enhanced Shockwaves, Glial Reconstitution, Centrifugal Hooks, Corvid Reactor, 250mm Strike Cannons, Advanced Ballistics, Unknown x2  
  12  0:05  Enduring Locusts, Flying Locusts  
  12  0:06  Protoss Ground Weapons Level 1, Protoss Shields Level 1, Personal Cloaking, Protoss Ground Armor Level 1  
  12  0:07  Blink, Hyperflight Rotors  
  13  0:09  Extended Thermal Lance, Mag-Field Accelerator, Weapon Refit, Ventral Sacs, Warp Gate, Neosteel Armor, Adrenal Glands, Resonating Glaives, Shadow Stride, Stimpack, Charge  
  13  0:11  Grooved Spines, Burrow, Muscular Augments x3  
  13  0:12  Overlord  
  13  0:13  Metabolic Boost, Transformation Servos, Cloaking Field, Infernal Pre-Igniter, Tunneling Claws, Mag-Field Launchers, Drilling Claws, Durable Materials, Neural Parasite, Combat Shield, Enhanced Munitions, Smart Servos, Recalibrated Explosives, Psionic Storm, Chitinous Plating, Explosive Shrapnel Shells, Neosteel Frame, Rapid Fire Launchers, Microbial Shroud, Enhanced Shockwaves, Glial Reconstitution, Centrifugal Hooks, Corvid Reactor, 250mm Strike Cannons, Advanced Ballistics, Unknown x2  
  13  0:14  Protoss Air Armor Level 1, Terran Vehicle Weapons Level 1, Protoss Ground Weapons Level 2, Zerg Missile Weapons Level 1, Zerg Flyer Armor Level 1, Terran Infantry Weapons Level 1, Terran Ship Weapons Level 1, Terran Vehicle Armor Level 1, Zerg Melee Weapons Level 1, Terran Ship Armor Level 1, Zerg Ground Armor Level 1, Protoss Shields Level 2, Zerg Flyer Weapons Level 1, Terran Vehicle And Ship Armor Level 1, Protoss Ground Armor Level 2, Terran Vehicle and Ship Weapons Level 1, Terran Infantry Armor Level 1, Protoss Air Weapons Level 1  
  13  0:15  Enduring Locusts, Flying Locusts  
  13  0:16  Adrenal Glands, Personal Cloaking, Ventral Sacs  
  13  0:17  Drone  
  13  0:18  Anion Pulse-Crystals  
  13  0:21  Grooved Spines, Burrow, Muscular Augments x3  
  14  0:22  Enduring Locusts, Flying Locusts  
  14  0:23  Protoss Air Weapons Level 2, Protoss Air Armor Level 2, Metabolic Boost, Microbial Shroud, Cloaking Field, Infernal Pre-Igniter, Terran Vehicle And Ship Armor Level 2, Tunneling Claws, Zerg Flyer Weapons Level 2, Terran Infantry Armor Level 2, Mag-Field Launchers, Drilling Claws, Durable Materials, Terran Vehicle Armor Level 2, Neural Parasite, Combat Shield, Personal Cloaking, Terran Ship Armor Level 2, Terran Infantry Weapons Level 2, Enhanced Munitions, Smart Servos, Recalibrated Explosives, Zerg Ground Armor Level 2, Terran Vehicle and Ship Weapons Level 2, Psionic Storm, Chitinous Plating, Explosive Shrapnel Shells, Neosteel Frame, Zerg Flyer Armor Level 2, Rapid Fire Launchers, Transformation Servos, Enhanced Shockwaves, Terran Vehicle Weapons Level 2, Zerg Melee Weapons Level 2, Glial Reconstitution, Centrifugal Hooks, Terran Ship Weapons Level 2, Corvid Reactor, 250mm Strike Cannons, Advanced Ballistics, Zerg Missile Weapons Level 2, Unknown x2  
  14  0:25  Seismic Spines, Adaptive Talons, Hi-Sec Auto Tracking, Caduceus Reactor, Rapid Reignition System, Gravitic Boosters, Graviton Catapult, Moebius Reactor, Shield Upgrade, Pathogen Glands, Behemoth Reactor, Gravitic Drive, Flux Vanes  
  14  0:28  Extended Thermal Lance, Mag-Field Accelerator, Anion Pulse-Crystals, Weapon Refit, Warp Gate, Neosteel Armor, Resonating Glaives, Shadow Stride, Stimpack, Charge  
  14  0:30  Metabolic Boost, Transformation Servos, Cloaking Field, Infernal Pre-Igniter, Tunneling Claws, Mag-Field Launchers, Drilling Claws, Durable Materials, Neural Parasite, Combat Shield, Enhanced Munitions, Smart Servos, Recalibrated Explosives, Psionic Storm, Chitinous Plating, Explosive Shrapnel Shells, Neosteel Frame, Rapid Fire Launchers, Microbial Shroud, Enhanced Shockwaves, Drone x2, Glial Reconstitution, Centrifugal Hooks, Corvid Reactor, 250mm Strike Cannons, Advanced Ballistics, Unknown x2  
  14  0:31  Grooved Spines, Burrow, Muscular Augments x3  
  14  0:35  Seismic Spines, Adaptive Talons, Hi-Sec Auto Tracking, Caduceus Reactor, Rapid Reignition System, Adrenal Glands, Gravitic Boosters, Graviton Catapult, Moebius Reactor, Shield Upgrade, Pathogen Glands, Behemoth Reactor, Gravitic Drive, Flux Vanes, Ventral Sacs  
  16  0:37  Protoss Ground Weapons Level 1, Protoss Shields Level 1, Protoss Ground Armor Level 1  
  16  0:38  Anion Pulse-Crystals, Blink, Hyperflight Rotors, Muscular Augments x3, Grooved Spines, Burrow  
  16  0:39  Pneumatized Carapace, Anabolic Synthesis, Concussive Shells  
  16  0:41  Enduring Locusts, Flying Locusts  
  16  0:42  Personal Cloaking  
  16  0:45  Seismic Spines, Adaptive Talons, Hi-Sec Auto Tracking, Caduceus Reactor, Terran Infantry Weapons Level 1, Terran Vehicle Weapons Level 1, Terran Vehicle Armor Level 1, Pathogen Glands, Terran Ship Armor Level 1, Zerg Ground Armor Level 1, Anion Pulse-Crystals, Gravitic Boosters, Zerg Flyer Armor Level 1, Terran Vehicle And Ship Armor Level 1, Gravitic Drive, Graviton Catapult, Protoss Air Weapons Level 1, Protoss Air Armor Level 1, Zerg Missile Weapons Level 1, Terran Ship Weapons Level 1, Rapid Reignition System, Zerg Melee Weapons Level 1, Terran Vehicle and Ship Weapons Level 1, Moebius Reactor, Zerg Flyer Weapons Level 1, Behemoth Reactor, Terran Infantry Armor Level 1, Flux Vanes, Shield Upgrade  
  16  0:49  Metabolic Boost, Microbial Shroud, Cloaking Field, Infernal Pre-Igniter, Tunneling Claws, Mag-Field Launchers, Drilling Claws, Durable Materials, Hatchery, Neural Parasite, Combat Shield, Pneumatized Carapace, Enhanced Munitions, Smart Servos, Recalibrated Explosives, Enhanced Shockwaves, Psionic Storm, Chitinous Plating, Explosive Shrapnel Shells, Neosteel Frame, Rapid Fire Launchers, Transformation Servos, Corvid Reactor, Concussive Shells, Glial Reconstitution, Centrifugal Hooks, Anabolic Synthesis, 250mm Strike Cannons, Advanced Ballistics, Unknown x2  
  15  0:52  Seismic Spines, Adaptive Talons, Hi-Sec Auto Tracking, Caduceus Reactor, Rapid Reignition System, Gravitic Boosters, Graviton Catapult, Moebius Reactor, Shield Upgrade, Pathogen Glands, Behemoth Reactor, Gravitic Drive, Flux Vanes  
  15  0:53  Drone  
  15  0:56  Drone  
  15  0:57  Grooved Spines, Burrow, Muscular Augments x3  
  17  0:59  Charge, Resonating Glaives, Neosteel Armor, Warp Gate, Stimpack, Concussive Shells, Extended Thermal Lance, Weapon Refit, Mag-Field Accelerator, Pneumatized Carapace, Anabolic Synthesis, Shadow Stride  
  17  1:00  Drone  
  17  1:04  Anion Pulse-Crystals, Overlord  
  18  1:06  Pneumatized Carapace, Adrenal Glands, Anabolic Synthesis, Ventral Sacs, Concussive Shells  
  18  1:10  Drone x12  
  18  1:11  Seismic Spines, Adaptive Talons, Hi-Sec Auto Tracking, Caduceus Reactor, Rapid Reignition System, Gravitic Boosters, Graviton Catapult, Moebius Reactor, Shield Upgrade, Pathogen Glands, Behemoth Reactor, Gravitic Drive, Flux Vanes  
  18  1:12  Extractor, Enduring Locusts, Flying Locusts  
  18  1:13  Personal Cloaking  
  18  1:14  Overlord  
  18  1:16  Spawning Pool  
  16  1:20  Metabolic Boost, Microbial Shroud, Cloaking Field, Infernal Pre-Igniter, Tunneling Claws, Mag-Field Launchers, Drilling Claws, Durable Materials, Neural Parasite, Combat Shield, Enhanced Munitions, Recalibrated Explosives, Psionic Storm, Chitinous Plating, Explosive Shrapnel Shells, Neosteel Frame, Advanced Ballistics, Transformation Servos, Enhanced Shockwaves, Drone x12, Glial Reconstitution, Centrifugal Hooks, Corvid Reactor, Unknown x2, 250mm Strike Cannons, Rapid Fire Launchers, Smart Servos  
  16  1:22  Unknown x64  
  16  1:24  Overlord  
  16  1:25  Pneumatized Carapace, Anabolic Synthesis, Concussive Shells  
  12  1:28  Grooved Spines, Hive, Burrow, Muscular Augments x3  
  12  1:30  Drone x12  
  12  1:31  Overlord  
  12  1:32  Unknown x64  
  12  1:35  Anion Pulse-Crystals  
  12  1:37  Drone x12  
  13  1:42  Pathogen Glands, Seismic Spines, Hi-Sec Auto Tracking, Caduceus Reactor, Flux Vanes, Gravitic Boosters, Graviton Catapult, Adaptive Talons, Rapid Reignition System, Shield Upgrade, Behemoth Reactor, Gravitic Drive, Moebius Reactor, Unknown x64  
  12  1:49  Unknown x64  
  12  1:50  Overlord  
  12  1:53  Drone  
  13  1:56  Pneumatized Carapace, Anabolic Synthesis, Drone x12, Concussive Shells  
  13  2:08  Unknown x64  
  12  2:13  Drone  
  13  2:21  Overlord  
  13  2:27  Drone x12  
  14  2:39  Unknown x63  
  12  2:44  Drone  
  13  2:53  Overlord  
  13  2:59  Drone  
  14  3:12  Drone x2  
  16  3:30  Hatchery  
  16  3:34  Drone  
  16  3:37  Drone  
  16  3:41  Drone  
  18  3:52  Extractor  
  17  3:56  Spawning Pool  
  17  3:59  Drone  
  17  4:02  Drone  
  18  4:10  Drone  
  19  4:21  Drone  
  20  4:31  Drone  
  21  4:43  Zergling x4  
  21  4:44  Queen x2  
  27  4:53  Overlord, Drone  
  28  5:04  Hatchery  
  27  5:08  Drone  
  27  5:14  Drone  
  29  5:15  Drone  
  29  5:18  Metabolic Boost  
  30  5:25  Drone  
  30  5:28  Queen  
  31  5:33  Overlord  
  31  5:35  Drone  
  34  5:39  Drone  
  34  5:42  Drone  
  36  5:46  Overlord  
  36  5:52  Queen  
  36  5:55  Drone x2  
  40  5:59  Drone  
  40  6:00  Drone x2  
  40  6:03  Drone  
  44  6:11  Queen  
  44  6:14  Overlord  
  44  6:16  Drone  
  44  6:18  Queen  
  49  6:22  Overlord  
  49  6:23  Drone  
  49  6:25  Drone  
  51  6:27  Drone  
  51  6:32  Queen  
  54  6:35  Drone  
  54  6:36  Drone  
  54  6:38  Drone  
  57  6:40  Drone x2  
  57  6:44  Drone  
  57  6:45  Drone  
  61  6:47  Drone x2  
  61  6:51  Queen  
  65  6:55  Overlord  
  65  6:58  Drone  
  65  7:01  Drone x2  
  68  7:05  Queen  
  68  7:06  Drone  
  71  7:09  Drone x2  
  71  7:14  Baneling Nest, Lair  
  72  7:19  Drone x2  
  74  7:26  Drone  
  75  7:31  Queen, Hatchery  
  75  7:32  Overlord  
  75  7:34  Extractor  
  75  7:35  Extractor  
  74  7:37  Drone x3  
  74  7:41  Drone x3  
  80  7:46  Drone x2  
  80  7:51  Overlord x2  
  82  7:52  Overlord  
  82  7:55  Drone x2  
  84  8:01  Drone  
  84  8:02  Drone x2  
  84  8:03  Drone x2  
  89  8:10  Overlord  
  89  8:14  Centrifugal Hooks  
  89  8:15  Evolution Chamber, Drone x2  
  89  8:17  Evolution Chamber  
  89  8:20  Drone  
  89  8:21  Extractor, Drone x3  
  89  8:23  Drone  
  93  8:27  Zergling x12  
  93  8:29  Zergling x2  
  93  8:30  Zergling x2  
  101  8:40  Zergling x6  
  104  8:43  Zerg Ground Armor Level 1, Zerg Melee Weapons Level 1  
  104  8:45  Zergling x2  
  104  8:46  Zergling x6  
  108  8:50  Overlord  
  108  8:51  Zergling x6  
  108  8:55  Zergling x4  
  112  9:01  Zergling x2  
  112  9:02  Zergling x2  
  115  9:06  Zergling x10  
  120  9:10  Zergling x2  
  120  9:14  Extractor, Drone  
  121  9:17  Drone  
  121  9:18  Drone x2  
  121  9:19  Drone  
  121  9:21  Drone  
  121  9:22  Zergling x8  
  130  9:24  Hatchery  
  130  9:25  Overlord  
  130  9:28  Overlord, Hatchery  
  130  9:29  Zergling x2, Overlord  
  130  9:30  Zergling x2  
  130  9:33  Zergling x4  
  130  9:36  Zergling x2  
  130  9:37  Zergling x4  
  135  9:40  Drone  
  135  9:44  Drone x2  
  138  9:46  Drone  
  138  9:52  Hydralisk Den, Drone  
  139  9:55  Drone  
  139  9:56  Extractor  
  140  10:00  Zergling x14, Drone x2  
  140  10:01  Zergling x2  
  140  10:04  Baneling x6  
  140  10:05  Zergling x2  
  150  10:09  Overlord  
  150  10:10  Zergling x4  
  152  10:19  Drone  
  152  10:20  Infestation Pit  
  152  10:25  Zergling x16  
  152  10:27  Overlord x2  
  160  10:29  Baneling x4  
  160  10:30  Overlord  
  160  10:31  Zergling x8  
  164  10:44  Muscular Augments  
  164  10:45  Zerg Melee Weapons Level 2, Zerg Ground Armor Level 2  
  164  10:47  Hydralisk  
  164  10:48  Hydralisk x8  
  182  10:52  Hydralisk x2  
  182  10:54  Zergling x2  
  182  10:56  Drone  
  188  10:57  Hive, Lurker Den  
  188  11:00  Zergling x22  
  198  11:04  Drone  
  198  11:06  Zergling x2  
  200  11:18  Overlord  
  200  11:20  Hatchery  
  199  11:36  Zergling x2  
  199  11:55  Grooved Spines, Zergling x2  
  200  12:11  Adrenal Glands  
  200  12:12  Adaptive Talons  
  200  12:15  Drone, Ultralisk Cavern  
  200  12:26  Hatchery  
  197  12:30  Drone  
  197  12:31  Drone  
  197  12:34  Zergling x2  
  200  12:37  Hatchery  
  200  12:38  Baneling x15  
  199  12:48  Overlord  
  199  12:50  Zergling x2  
  200  13:04  Zerg Melee Weapons Level 3, Chitinous Plating, Zerg Ground Armor Level 3  
  200  13:07  Baneling  
  200  13:08  Baneling x7  
  200  13:09  Seismic Spines, Baneling  
  198  13:14  Zergling x10  
  199  13:43  Overlord  
  199  13:44  Overlord x2  
  199  14:09  Pneumatized Carapace, Overseer x2  
  199  14:10  Burrow  
  199  14:23  Anabolic Synthesis  
  199  15:03  Baneling x16  
  199  15:05  Zergling x2  
  200  15:10  Neural Parasite  
  200  15:14  Spire  
  199  15:15  Spire  
  199  15:16  Drone x2  
  200  15:42  Zerg Missile Weapons Level 1  
  200  16:32  Greater Spire x2  
  200  16:35  Roach Warren  
  199  16:41  Drone  
  200  16:49  Overlord  
  200  17:07  Drone x2  
  195  17:16  Glial Reconstitution  
  195  17:17  Hatchery  
  194  17:28  Hatchery  
  193  17:37  Zerg Missile Weapons Level 2  
  193  17:47  Zerg Flyer Armor Level 1, Zerg Flyer Weapons Level 1  
  193  18:24  Lurker x7  
  200  18:29  Lurker x4  
  200  18:30  Zergling x2  
  200  18:31  Zergling x20  
  200  18:33  Baneling x14  
  200  18:34  Baneling x12, Tunneling Claws  
  200  18:43  Extractor  
  200  18:44  Extractor, Drone x2  
  200  18:48  Extractor x2, Drone  
  199  18:49  Drone  
  200  19:52  Zerg Flyer Weapons Level 2, Zerg Flyer Armor Level 2  
  200  20:07  Baneling x11  
Tags
 
League
Master
Matchup
TvZ
Spawn Locations
Cross Positions
Strategy
Banshee Rush
Add a new tag
Caveats
  • Supply blocks, unpowered buildings, or Contaminate may cause inaccurate times.
  • Supply counts are checked every 10 seconds.